Map: Rhoskallian LE

Players

Massa - Winner!

  • Race: Terran Terran
  • Spawn Location: 11:00

qqq - Winner!

  • Race: Zerg Zerg
  • Spawn Location: 12:00

TimThePleb

  • Race: Terran Terran
  • Spawn Location: 5:00

ExoticScarf

  • Race: Protoss Protoss
  • Spawn Location: 6:00

VOD

Have the link to the VOD?

Description

Time

  • Played on: June 19, 2020, 5:55 p.m.
  • Length: 5:25
Show
View Real Time Build Order
Export as new Build Order

Massa Terran - Winner!

Build Orders:  

Get SALT Encoding   

  12  0:06  SCV  
  13  0:18  Supply Depot  
  13  0:19  SCV  
  14  0:31  SCV  
  14  0:35  Refinery  
  15  0:47  Barracks  
  15  0:51  SCV  
  16  1:03  SCV  
  17  1:15  SCV  
  18  1:34  Marine  
  18  1:35  Barracks  
  18  1:38  Barracks  
  19  1:49  Bunker  
  19  1:52  Marine  
  20  2:11  Marine  
  21  2:16  SCV  
  21  2:21  Supply Depot  
  22  2:23  Supply Depot  
  22  2:24  Marine  
  23  2:33  Orbital Command  
  23  2:42  Marine x3  
  26  3:00  Marine x3  
  29  3:17  Marine  
  29  3:18  Marine x2  
  32  3:26  Factory  
  32  3:35  Marine x3  
  32  3:37  SCV  
  36  3:53  Marine x3  
  39  4:10  Factory Tech Lab  
  39  4:15  Supply Depot  
  39  4:16  Supply Depot  
  39  4:20  Marine x3  
  39  4:21  Supply Depot  
  42  4:38  Marine x3, Supply Depot  
  45  4:56  Marine x3  
Show
View Real Time Build Order
Export as new Build Order

qqq Zerg - Winner!

Build Orders: Hatch First 

Get SALT Encoding   

  12  0:03  Drone  
  13  0:09  Drone  
  14  0:36  Hatchery  
  13  0:48  Overlord  
  13  0:50  Drone  
  14  1:04  Spawning Pool  
  13  1:11  Drone  
  13  1:12  Drone  
  15  1:20  Drone  
  15  1:22  Extractor  
  15  1:30  Drone  
  16  1:59  Zergling x2  
  16  2:00  Zergling x4  
  16  2:01  Queen  
  21  2:03  Drone x2  
  23  2:08  Queen  
  25  2:24  Zergling x4  
  25  2:26  Zergling x2  
  25  2:29  Overlord  
  28  2:40  Overlord  
  28  2:50  Zergling x2  
  29  3:13  Zergling x2  
  29  3:14  Zergling x4  
  32  3:22  Zergling x6  
  32  3:23  Zergling x6  
  32  3:24  Zergling x4  
  40  3:31  Overlord  
  39  3:36  Metabolic Boost  
  39  3:41  Zergling x2  
  39  3:44  Drone  
  41  3:53  Drone, Zergling x2  
  43  4:05  Zergling x6  
  43  4:08  Drone  
  47  4:18  Zergling x2  
  47  4:19  Drone x2  
  42  4:39  Zergling x2  
  42  4:40  Zergling x8  
  42  4:41  Drone x2  
  49  4:57  Drone, Zergling x4  
  52  5:04  Overlord x2  
Show
View Real Time Build Order
Export as new Build Order

TimThePleb Terran 

Build Orders:  

Get SALT Encoding   

  12  0:01  SCV  
  13  0:13  SCV  
  14  0:18  Supply Depot  
  14  0:25  SCV  
  15  0:34  Refinery  
  15  0:40  SCV  
  16  0:49  Barracks  
  16  0:52  SCV  
  17  1:04  SCV  
  18  1:16  SCV, Supply Depot  
  19  1:28  SCV  
  20  1:37  Marine  
  21  1:50  SCV  
  22  1:57  Barracks Reactor  
  22  2:02  SCV  
  22  2:08  Command Center  
  22  2:28  Refinery  
  22  2:38  Marine x2  
  24  2:55  Factory  
  24  2:56  Marine x2  
  26  2:59  Orbital Command  
  26  3:14  Marine x2  
  28  3:22  SCV  
  29  3:31  Marine  
  29  3:32  Marine  
  29  3:33  SCV  
  29  3:34  SCV  
  33  3:40  Barracks  
  33  3:45  SCV  
  34  3:52  Starport, Factory Tech Lab  
  34  3:57  SCV  
  34  3:58  Marine x2  
  37  4:09  SCV  
  38  4:10  SCV  
  39  4:21  SCV, Siege Tank  
  39  4:23  SCV  
  44  4:31  Supply Depot  
  44  4:35  SCV  
  34  4:46  Engineering Bay  
  34  4:52  Marine x3  
  15  5:14  Engineering Bay  
Show
View Real Time Build Order
Export as new Build Order

ExoticScarf Protoss 

Build Orders:  

Get SALT Encoding   

  1  0:00  Probe  
  12  0:05  Probe  
  14  0:19  Pylon  
  14  0:22  Probe  
  15  0:37  Probe, Assimilator  
  16  0:49  Gateway  
  16  0:53  Probe  
  17  1:05  Probe  
  17  1:08  Forge  
  18  1:17  Assimilator  
  18  1:18  Probe  
  19  1:27  Probe  
  19  1:32  Pylon  
  20  1:37  Zealot  
  20  1:38  Probe  
  23  1:53  Cybernetics Core  
  23  2:04  Photon Cannon  
  23  2:12  Probe  
  24  2:20  Probe  
  27  2:32  Stalker  
  27  2:33  Pylon  
  27  3:02  Stalker  
  29  3:10  Nexus  
  29  3:23  Probe  
  30  3:35  Probe  
  30  3:37  Cybernetics Core  
  31  3:45  Pylon  
  31  3:47  Probe  
  32  3:59  Probe  
  33  4:03  Assimilator  
  33  4:09  Assimilator  
  33  4:11  Probe, Stalker  
  36  4:19  Probe  
  36  4:24  Probe  
  38  4:27  Probe  
  39  4:36  Probe  
  34  4:41  Stalker  
Tags
 
Add a new tag
Caveats
  • Supply blocks, unpowered buildings, or Contaminate may cause inaccurate times.
  • Supply counts are checked every 10 seconds.